 Dungeon Crawl Stone Soup version 0.25-a0-667-gb977e01cb5 (webtiles) character file.

Game seed: 10982353143720110569, levelgen mode: deterministic

16 sanka the Scratcher (level 2, -3/13 HPs)
             Began as a Felid Wanderer on Mar 27, 2020.
             Slain by a hobgoblin
             ... wielding a +0 club
              (6 damage)
             ... on level 1 of the Dungeon.
             The game lasted 00:01:20 (657 turns).

sanka the Scratcher (Felid Wanderer)                 Turns: 657, Time: 00:01:21

Health: -3/13      AC:  1    Str:  8    XL:     2   Next: 41%
Magic:  3/3        EV: 15    Int: 12    God:
Gold:   27         SH:  0    Dex: 16    Spells: 0/1 levels left
                                        Lives:  0   Deaths: 0

rFire    . . .     SeeInvis +     - Unarmed
rCold    . . .     Gourm    .   (shield unavailable)
rNeg     . . .     Faith    .   (armour unavailable)
rPois    .         Spirit   .   (helmet unavailable)
rElec    .         Reflect  .   (cloak unavailable)
rCorr    .         Harm     .   (gloves unavailable)
MR       .....                  (boots unavailable)
Stlth    +++.......             (no amulet)
HPRegen  0.04/turn              (no ring)
MPRegen  0.08/turn              (no ring)

@: quick
A: very small, no armour, no weapons or thrown items, stealth, claws 1, fangs 3,
see invisible, carnivore, speed 1, shaggy fur 1, slow metabolism 1, sharp paws
a: no special abilities


You were on level 1 of the Dungeon.
You were completely stuffed.

You visited 1 branch of the dungeon, and saw 1 of its levels.

You collected 27 gold pieces.


Innate Abilities, Weirdness & Mutations

You cannot wear armour.
You are incapable of wielding weapons or throwing items.
Your paws allow you to move quietly. (Stealth)
You have sharp claws.
You have razor-sharp teeth.
You have supernaturally acute eyesight. (SInv)
You are carnivorous and can eat meat at any time.
You cover ground quickly.
You are covered in fur. (AC +1)
You have a slow metabolism.
Your sharp claws are effective at attacking unaware monsters.


   Skills:
 - Level 2.0 Fighting
 - Level 2.6 Stealth
 + Level 3.1 Unarmed Combat
   Level 1.2 Charms
   Level 3.0 Translocations
   Level 1.1 Evocations


You couldn't memorise any spells.
You knew the following spells:

 Your Spells              Type           Power        Failure   Level  Hunger
z - Sting                 Tmut/Pois      #...         32%         1    ##.....

Your spell library contained the following spells:

 Spells                   Type           Power        Failure   Level  Hunger
 Ignite Poison            Fire/Tmut/Pois #.......     69%         3    ####...

Inventory:

Scrolls
 b - a scroll of enchant weapon {unknown}
 e - a scroll of identify {unknown}
Potions
 a - a potion of haste {@q3}
 c - a potion of lignification {!q}
Comestibles
 d - a ration

Dungeon Overview and Level Annotations

Branches:
Dungeon (1/15)

Altars:

.▒▒ ..▒ ▒.▒
▒.▒ ▒.▒▒▒▒▒
▒▒▒▒..... ▒▒▒
▒▒▒▒▒....▒.▒
..▒
▒.......hg.▒
▒.▒▒▒
...▒▒▒.▒▒.▒▒▒
....▒ ▒▒.▒▒.▒
▒.▒.▒ ▒...▒..
▒.▒.▒
▒...▒▒▒▒
..▒.▒▒▒▒
▒...▒
▒......▒
▒...▒ ▒
▒.▒.▒▒.▒
▒...▒ ▒▒▒▒ .▒
▒)▒.▒▒.▒
▒...▒ ... ..▒


You could see a hobgoblin.


Message History

You start resting.
A kobold comes into view.
The kobold throws a stone.
The stone completely misses you.
The kobold throws a stone.
The stone closely misses you.
You see here 2 stones.
You start resting.
HP restored.
You now have 27 gold pieces (gained 13).
Things that are here:
5 stones a kobold corpse A hobgoblin comes into view.
It is wielding a +0 club.
A hobgoblin is nearby!
A hobgoblin is nearby!
The hobgoblin shouts!
You scratch the hobgoblin.
The hobgoblin is heavily wounded.
The hobgoblin hits you with a +0 club!
Ouch! That really hurt!
* * * LOW HITPOINT WARNING * * *
You scratch the hobgoblin but do no damage.
The hobgoblin is heavily wounded.
The hobgoblin hits you with a +0 club.
* * * LOW HITPOINT WARNING * * *
You barely miss the hobgoblin.
The hobgoblin is heavily wounded.
The hobgoblin hits you with a +0 club.
You die...

Action                   || total
-------------------------++-------
Melee: Unarmed           ||    41
       Bite              ||     3
 Cast: Sting             ||     6
  Eat: Chunk             ||     7
Armor: Skin              ||     4
Dodge: Dodged            ||    24

Levels and vault maps discovered:
D:1:      enne_arrival_octagon_isle, layout_loops_cross

Notes
Turn   | Place    | Note
-------+----------+-------------------------------------------
     0 | D:1      | sanka the Felid Wanderer began the quest for the Orb.
     0 | D:1      | sanka set off with the following items: a potion of haste
                  | {@q3}, a potion of lignification {!q}, a ration; and the
                  | following spell memorised: Sting; and the following spells
                  | available to memorise: Ignite Poison
     0 | D:1      | Reached XP level 1. HP: 9/9 MP: 2/2
   140 | D:1      | Reached XP level 2. HP: 9/13 MP: 0/3
   330 | D:1      | Reached skill level 3 in Unarmed Combat
   657 | D:1      | Slain by a hobgoblin

Vanquished Creatures
  A leopard gecko (D:1)
  2 hobgoblins (D:1)
  6 kobolds (D:1)
  3 frilled lizards (D:1)
  A goblin (D:1)
  2 rats (D:1)
15 creatures vanquished.
